 Dungeon Crawl Stone Soup version 0.23.2-11-gf996548c65 (webtiles) character file.

Game seed: 4195787396942458374

296 Nattfarinn the Cudgeler (level 6, -1/79 HPs)
             Began as a Minotaur Berserker on June 2, 2019.
             Was a Believer of Trog.
             Slain by an orc
             ... wielding a +1 hand axe of flaming
              (3 damage)
             ... on level 4 of the Dungeon.
             The game lasted 00:04:07 (2789 turns).

Nattfarinn the Cudgeler (Minotaur Berserker)        Turns: 2789, Time: 00:04:08

Health: -1/79      AC:  9    Str: 26    XL:     6   Next: 12%
Magic:  5/5        EV: 10    Int:  4    God:    Trog [**....]
Gold:   248        SH:  0    Dex: 12    Spells: 5/5 levels left

rFire    x . .     SeeInvis .   a - +0 mace
rCold    + . .     Gourm    .   (no shield)
rNeg     . . .     Faith    .   i - +0 chain mail
rPois    .         Spirit   .   (helmet restricted)
rElec    .         Reflect  .   (no cloak)
rCorr    .         Harm     .   (no gloves)
MR       ++...                  (no boots)
Stlth    ..........             (no amulet)
HPRegen  1.23/turn              j - ring of ice
MPRegen  0.09/turn              (no ring)

@: berserking, regenerating, very quick
A: retaliatory headbutt, horns 2
a: Berserk, Trog's Hand, Renounce Religion


You were on level 4 of the Dungeon.
You worshipped Trog.
Trog was pleased with you.
You were very hungry.

You visited 1 branch of the dungeon, and saw 4 of its levels.

You collected 248 gold pieces.

Inventory:

Hand Weapons
 a - a +0 mace (weapon)
Missiles
 k - 6 javelins (quivered)
Armour
 b - a +0 animal skin
 i - a +0 chain mail (worn)
Jewellery
 j - a ring of ice (left hand)
Scrolls
 e - 4 scrolls of identify {unknown}
 l - a scroll of amnesia {unknown}
 m - 3 scrolls of remove curse {unknown}
 n - 2 scrolls of enchant armour {unknown}
Potions
 d - a potion of lignification {unknown}
 f - 2 potions of heal wounds {unknown}
 g - 2 potions of curing {unknown}
 h - 3 potions of agility {unknown}
 o - a potion of cancellation {unknown}
 q - a potion of resistance {unknown}
 r - a potion of might {unknown}
 s - a potion of ambrosia {unknown}
Comestibles
 c - 4 rations


   Skills:
 + Level 4.6 Fighting
 * Level 5.5 Maces & Flails
 * Level 5.0 Armour
 + Level 3.5 Dodging


You had 5 spell levels left.
You didn't know any spells.
Your spell library was empty.

Dungeon Overview and Level Annotations

Branches:
Dungeon (4/15)
 Temple: D:4-7

Altars:
Elyvilon
Uskayaw
Zin


Innate Abilities, Weirdness & Mutations

You reflexively headbutt those who attack you in melee.
You have a pair of horns on your head.


Message History

You feel resistant to hostile enchantments.
You feel somewhat more hungry.
The orc wizard hits you but does no damage.
The orc closely misses you. The orc warrior barely misses you.
You furiously retaliate!
You headbutt the orc warrior.
The orc wizard hits you but does no damage.
A red film seems to cover your vision as you go berserk!
You feel yourself moving faster!
You feel mighty!
You are feeling very hungry.
The orc hits you but does no damage.
The orc wizard hits you but does no damage.
The orc warrior hits you with a +0 dire flail!!
* * * LOW HITPOINT WARNING * * *
You completely miss the orc warrior.
The orc warrior is heavily wounded.
The orc wizard points at you and mumbles some strange words.
The magic dart hits you.
* * * LOW HITPOINT WARNING * * *
The orc hits you with a +1 hand axe of flaming.
You die...

.# .# ## ..# ..##
####. ...# ...#
###.... #...# ...#
##...... .....# #..##
###....... #...#
#..###.........
##..o## #.............
#...o@###..##.........
#.##o.?#..###.........
#.....## ##........
##.....# #........
##.....# ##.......
#.....# ##......
#......# ##.....
#...%..# ##....
#....... #....


You could see an orc warrior, an orc wizard and an orc.

Vanquished Creatures
  A hound (D:4)
  An orc priest (D:3)
  Crazy Yiuf (D:3)
  3 orc wizards
  Terence (D:3)
  2 adders
  An ooze (D:1)
  An adder skeleton (D:4)
  2 dart slugs (D:2)
  2 leopard geckos (D:1)
  2 orcs (D:3)
  A ball python (D:3)
  5 giant cockroaches
  3 goblins
  6 hobgoblins
  6 jackals
  2 quokkas
  7 bats
  3 frilled lizards
  11 kobolds
  18 rats
79 creatures vanquished.

Notes
Turn   | Place    | Note
-------+----------+-------------------------------------------
     0 | D:1      | Nattfarinn the Minotaur Berserker began the quest for the
                  | Orb.
     0 | D:1      | Reached XP level 1. HP: 19/19 MP: 0/0
    34 | D:1      | Reached XP level 2. HP: 20/27 MP: 1/1
   245 | D:1      | Reached XP level 3. HP: 14/33 MP: 2/2
   448 | D:1      | Reached ** piety under Trog
  1184 | D:2      | Found a white marble altar of Elyvilon.
  1263 | D:2      | Found a glowing silver altar of Zin.
  1572 | D:3      | Reached XP level 4. HP: 40/40 MP: 3/3
  1608 | D:3      | Found a hide-covered altar of Uskayaw.
  1618 | D:3      | Noticed Terence
  1629 | D:3      | Killed Terence
  1636 | D:3      | Reached skill level 5 in Maces & Flails
  1636 | D:3      | Reached XP level 5. HP: 36/46 MP: 4/4
  2263 | D:3      | Found a runed translucent door.
  2264 | D:3      | Noticed Crazy Yiuf
  2559 | D:3      | Killed Crazy Yiuf
  2714 | D:4      | Reached XP level 6. HP: 52/53 MP: 5/5
  2775 | D:4      | Noticed an orc warrior
  2780 | D:4      | Reached skill level 5 in Armour
  2789 | D:4      | HP: 2/79 [orc wizard/magic dart (4)]
  2789 | D:4      | Slain by an orc

Skill      XL: |  1  2  3  4  5  6 |
---------------+-------------------+-----
Maces & Flails | 4 5 |  5.5
Armour         | 3 4 5 |  5.0
Fighting       | 4 |  4.6
Dodging        | 3 |  3.5

Action                   |  1- 3 |  4- 6 || total
-------------------------+-------+-------++-------
Melee: Mace              |    89 |    76 ||   165
       Headbutt          |    10 |     8 ||    18
Invok: Berserk           |       |     3 ||     3
       Trog's Hand       |       |     3 ||     3
  Eat: Chunk             |     2 |     7 ||     9
Armor: Animal skin       |    11 |       ||    11
       Chain mail        |    26 |    56 ||    82
Dodge: Dodged            |    47 |    35 ||    82
